 Dungeon Crawl Stone Soup version 0.27.1-15-g792fb953b9 (webtiles) character file.

Game seed: 11263494938801412269

835 Araneus the Cudgeller (level 7, -1/52 HPs)
             Began as a Demonspawn Fighter on Nov 20, 2021.
             Was a Follower of Okawaru.
             Succumbed to a water moccasin's poison
             ... on level 6 of the Dungeon.
             The game lasted 00:11:33 (5830 turns).

Araneus the Cudgeller (Demonspawn Fighter)          Turns: 5830, Time: 00:11:33

Health: -1/52      AC: 12    Str: 18    XL:     7   Next: 66%
Magic:  10/10      EV:  4    Int:  9    God:    Okawaru [*.....]
Gold:   168        SH:  9    Dex: 13    Spells: 6/6 levels left

rFire    + . .     SeeInvis .   a - +0 flail
rCold    + . .     Faith    .   c - +0 kite shield
rNeg     . . .     Spirit   .   g - +0 chain mail
rPois    .         Reflect  .   e - +1 hat
rElec    .         Harm     .   p - scarf {rC+ rF+}
rCorr    .         Rampage  .   k - +0 pair of gloves
Will     .....                  (no boots)
Stlth    ..........             (no amulet)
HPRegen  0.17/turn              (no ring)
MPRegen  0.12/turn              (no ring)

@: lethally poisoned (-1 -> -8)
A: powered by pain 1, sharp scales 1, demonic magic 1
a: Renounce Religion, Heroism


You were on level 6 of the Dungeon.
You worshipped Okawaru.
Okawaru was aware of your devotion.
You visited 1 branch of the dungeon, and saw 6 of its levels.

You collected 197 gold pieces.
You spent 29 gold pieces at shops.

Inventory:

Hand Weapons
 a - a +0 flail (weapon)
Missiles
 b - 31 poisoned darts (quivered)
Armour
 c - a +0 kite shield (worn)
 e - a +1 hat (worn)
 g - a +0 chain mail (worn)
 k - a +0 pair of gloves (worn)
 p - a scarf of resistance (worn)
Jewellery
 n - a +4 ring of evasion
 o - a ring of ice
Scrolls
 h - 4 scrolls of teleportation
 i - 2 scrolls of identify
 j - 2 scrolls of enchant armour {unknown}
 l - a scroll of magic mapping {unknown}
 q - a scroll of blinking {unknown}
Potions
 d - a potion of might
 m - a potion of attraction


   Skills:
 - Level 3.0 Fighting
 + Level 7.5 Maces & Flails
 - Level 2.6 Armour
 - Level 2.6 Shields
 * Level 4.0 Invocations


You had 6 spell levels left.
You didn't know any spells.
Your spell library contained the following spells:

 Spells                   Type           Power      Damage    Failure   Level
 Foxfire                  Conj/Fire      0%         2x1d4     100%        1
 Shock                    Conj/Air       0%         1d3       100%        1
 Blink                    Tloc           N/A        N/A       100%        2
 Corpse Rot               Necr/Air       N/A        N/A       100%        2
 Conjure Flame            Conj/Fire      0%         6-21      100%        3
 Inner Flame              Hex/Fire       0%         N/A       100%        3
 Swiftness                Air            0%         N/A       100%        3
 Airstrike                Air            0%         N/A       100%        4
 Excruciating Wounds      Necr           0%         N/A       100%        5
 Summon Forest            Summ/Tloc      0%         N/A       100%        5


Dungeon Overview and Level Annotations

Branches:
Dungeon (6/15)
 Temple: D:4-7

Altars:
Hepliaklqana
Makhleb
Okawaru
Xom
Zin

Shops:
D:2 !:*   D:6 *[(


Innate Abilities, Weirdness & Mutations

You sometimes gain a little power by taking damage.
You are partially covered in razor-sharp scales. (AC +1, Slay +1)
Spells you cast may paralyse adjacent enemies.


Message History

The water moccasin bites you.
You are poisoned.
The water moccasin poisons you!
You hit the water moccasin.
The water moccasin is moderately wounded.
You feel very sick. The water moccasin bites you.
The water moccasin bites you but does no damage.
Your shield prevents you from hitting the water moccasin.
The water moccasin is moderately wounded.
You feel very sick.
The water moccasin bites you but does no damage. x2
You hit the water moccasin but do no damage.
The water moccasin is moderately wounded.
You feel very sick. You block the water moccasin's attack.
You closely miss the water moccasin.
The water moccasin is moderately wounded.
You feel sick. The water moccasin bites you. x2
* * * LOW HITPOINT WARNING * * *
You sock the water moccasin!
The water moccasin is severely wounded.
You feel sick. The water moccasin bites you.
* * * LOW HITPOINT WARNING * * *
You are lethally poisoned!
The water moccasin poisons you! The water moccasin barely misses you.
You thump the water moccasin!
You kill the water moccasin!
Okawaru accepts your kill.
* * * LOW HITPOINT WARNING * * *
You feel very sick.
Your Invocations skill increases to level 4!
Okay, then.
* * * LOW HITPOINT WARNING * * *
You feel sick. Magic courses through your body.
* * * LOW HITPOINT WARNING * * *
You feel sick.
Unknown command.
You die...

## #. #.#
######### ..##
#........
#####+..###.#
.....?....#.#
##......#@#
#....<..#.#
##.......#.#
.....∩......# .
............####..
#..>........#.....
#.................
#.................
###....#..........


There were no monsters in sight!

Vanquished Creatures
  A water moccasin (D:6)
  A centaur (D:5)
  A phantom (D:6)
  A scorpion (D:3)
  A wyvern skeleton (D:6)
  A jelly (D:5)
  3 orc priests
  4 orc wizards
  An iguana (D:4)
  3 gnolls (D:4)
  6 adders
  A white imp (D:5)
  A worm (D:2)
  2 dart slugs
  23 orcs
  7 endoplasms
  4 giant cockroaches
  9 hobgoblins
  4 jackals (D:2)
  2 quokkas (D:2)
  4 ball pythons
  7 bats
  5 frilled lizards
  7 goblins
  8 kobolds
  13 rats
120 creatures vanquished.

Notes
Turn   | Place    | Note
-------+----------+-------------------------------------------
     0 | D:1      | Araneus the Demonspawn Fighter began the quest for the Orb.
     0 | D:1      | Reached XP level 1. HP: 18/18 MP: 1/1
    30 | D:1      | Reached skill level 2 in Maces & Flails
   507 | D:1      | Gained mutation: You are partially covered in razor-sharp
                  | scales. (AC +1, Slay +1) [demonic ancestry]
   507 | D:1      | Reached XP level 2. HP: 23/24 MP: 2/2
   880 | D:1      | Reached skill level 3 in Maces & Flails
  1046 | D:2      | Gained mutation: Spells you cast may paralyse adjacent
                  | enemies. [demonic ancestry]
  1046 | D:2      | Reached XP level 3. HP: 23/29 MP: 3/3
  1533 | D:2      | Found Janocwal's Assorted Antiques.
  1543 | D:2      | Bought a scroll labelled BOUH OQ USOOT for 29 gold pieces
  1554 | D:2      | Found Fonuegg's Book Emporium.
  1557 | D:2      | Found Ileogroc's Distillery.
  1931 | D:2      | Reached XP level 4. HP: 35/35 MP: 4/4
  1992 | D:2      | Reached skill level 4 in Maces & Flails
  2557 | D:3      | Found an iron altar of Okawaru.
  2558 | D:3      | Found a hazy altar of Hepliaklqana.
  2569 | D:3      | Became a worshipper of Warmaster Okawaru
  2847 | D:3      | Reached skill level 1 in Invocations
  2847 | D:3      | Reached XP level 5. HP: 34/41 MP: 5/5
  2952 | D:3      | Reached skill level 5 in Maces & Flails
  3583 | D:3      | Gained mutation: You sometimes gain a little power by
                  | taking damage. [demonic ancestry]
  3583 | D:3      | Reached XP level 6. HP: 46/47 MP: 7/7
  3627 | D:3      | Found a burning altar of Makhleb.
  3627 | D:3      | Noticed a green death
  4321 | D:4      | Reached skill level 6 in Maces & Flails
  4361 | D:4      | Reached * piety under Okawaru
  5083 | D:5      | Entered Level 5 of the Dungeon
  5083 | D:5      | Found a shimmering altar of Xom.
  5083 | D:5      | Found a shimmering altar of Xom.
  5084 | D:5      | Found a shimmering altar of Xom.
  5084 | D:5      | Found a shimmering altar of Xom.
  5088 | D:5      | Found a shimmering altar of Xom.
  5088 | D:5      | Found a shimmering altar of Xom.
  5091 | D:5      | Got the Almanac of Darkness and the Traveller
  5093 | D:5      | Found a shimmering altar of Xom.
  5173 | D:5      | Reached XP level 7. HP: 22/52 MP: 9/9
  5687 | D:6      | Found Zuap's Assorted Antiques.
  5689 | D:6      | Found Toinetit's Antique Weapon Boutique.
  5697 | D:6      | Reached skill level 7 in Maces & Flails
  5795 | D:6      | Found Usijeifi's Armour Shop.
  5828 | D:6      | HP: 2/52 [poisoned by a water moccasin]
  5830 | D:6      | Succumbed to a water moccasin's poison

Illustrated notes

Levels and vault maps discovered:
D:1:      wander_arrival_abandoned_jail, layout_basic, serial_park_tiny_1
D:2:      layout_basic, serial_shops, nicolae_diamond_shop, shop, shop,
          minmay_rat_gold_closets
D:3:      layout_rooms, makhleb_altar_promises_db,
          chequers_temple_overflow_statue_of_worship, st_stairs_8
D:4:      layout_basic, zin_statuary
D:5:      layout_rooms, nicolae_xom_altar_mimics
D:6:      minmay_inner_zag, layout_basic, mainiacjoe_overflow_alcove_2,
          bloody_trog, nicolae_ru_great_annihilating_truth,
          minmay_temple_entry_trees, serial_shops, nicolae_stop_n_shop_1, shop,
          nicolae_shop_statue_plus, shop, uniq_edmund

Skill      XL: |  1  2  3  4  5  6  7 |
---------------+----------------------+-----
Maces & Flails | 2 3 4 5 6 7 |  7.5
Invocations    | 1 2 3 4 |  4.0
Fighting       | |  3.0
Armour         | |  2.6
Shields        | |  2.6

Action                   |  1- 3 |  4- 6 |  7- 9 || total
-------------------------+-------+-------+-------++-------
Melee: Flail             |   178 |   265 |    35 ||   478
  Use: Potion            |       |     1 |     1 ||     2
       Scroll            |       |       |     2 ||     2
Armor: Scale mail        |    19 |       |       ||    19
       Chain mail        |   113 |   186 |    30 ||   329
Dodge: Dodged            |    46 |    61 |     3 ||   110
Block: Kite shield       |    87 |   131 |     7 ||   225
